 Dungeon Crawl Stone Soup version 0.31.0-1-g2c135a008e (webtiles) character file.

Game seed: 14179394756356645011

32712 GreatBamboolord the Geomancer (level 13, -12/118 HPs)
             Began as a Gargoyle Earth Elementalist on Jan 20, 2024.
             Was a High Priest of Vehumet.
             Mangled by a cane toad (14 damage)
             ... on level 5 of the Lair of Beasts.
             The game lasted 00:28:21 (14494 turns).

GreatBamboolord the Geomancer (GrEE)               Turns: 14494, Time: 00:28:22

Health: -12/118    AC: 26    Str: 11    XL:     13   Next: 66%
Magic:  27/27      EV:  2    Int: 22    God:    Vehumet [*****.]
Gold:   438        SH:  0    Dex: 10    Spells: 5/32 levels left

rFire   + . .        I - staff of fire
rCold   . . .        (no shield)
rNeg    + . .        p - melded +4 ring mail {rF+}
rPois   ∞            (helmet currently unavailable)
rElec   .            h - melded +1 cloak {rF+}
rCorr   .            C - melded +2 pair of gloves {hurl}
SInv    +            v - melded +1 pair of boots
Will    .....        w - amulet of magic regeneration
Stlth   ++++         E - ring of see invisible
HPRegen 0.39/turn    J - ring of wizardry
MPRegen 0.60/turn

%: wizardry (x1)
@: brilliant, tree-form, very slow
A: stationary, stasis, torment immunity, boosted hp, sickness immunity, AC +9,
negative energy resistance 1, (electricity resistance), torment resistance 1,
petrification resistance
a: Renounce Religion


You were on level 5 of the Lair of Beasts.
You worshipped Vehumet.
Vehumet was extremely pleased with you.
You were a tree.
You visited 2 branches of the dungeon, and saw 14 of its levels.
You also visited: Volcano.

You collected 793 gold pieces.
You spent 355 gold pieces at shops.

Inventory:

Armour
 a - a +0 robe
 f - a +2 cloak
 h - a +1 cloak of fire resistance (melded)
 p - a +4 ring mail of fire resistance (melded)
 r - +0 acid dragon scales
 v - a +1 pair of boots (melded)
 C - a +2 pair of gloves of hurling (melded)
Magical Staves
 I - a staff of fire (weapon)
Jewellery
 w - an amulet of magic regeneration (around neck)
 E - a ring of see invisible (left branch)
 G - a ring of fire
 H - an amulet of faith
 J - a ring of wizardry (right branch)
Wands
 k - a wand of polymorph (32)
 t - a wand of flame (57)
 u - a wand of charming (25)
 y - a wand of iceblast (5)
Scrolls
 d - 12 scrolls of teleportation
 i - 7 scrolls of amnesia
 j - a scroll of fog
 m - 2 scrolls of brand weapon
 z - 2 scrolls of torment {unknown}
 A - 2 scrolls of enchant weapon
 B - a scroll of immolation
 L - a scroll of identify
Potions
 b - a potion of magic
 e - 3 potions of brilliance
 g - 2 potions of lignification
 l - 8 potions of might
 n - 2 potions of degeneration {unknown}
 o - 3 potions of enlightenment {unknown}
 q - 5 potions of resistance {unknown}
 s - a potion of invisibility {unknown}
 x - 3 potions of cancellation {unknown}
 D - a potion of berserk rage {unknown}
 F - a potion of mutation {unknown}
Miscellaneous
 K - a lightning rod (4/4)


   Skills:
 + Level 8.3 Fighting
 + Level 5.9 Armour
 + Level 6.5 Dodging
 + Level 9.2 Stealth
 * Level 10.1 Spellcasting
 * Level 11.7 Conjurations
 * Level 13.1 Earth Magic


You had 5 spell levels left.
You knew the following spells:

 Your Spells              Type           Power      Damage    Failure   Level
a - Sandblast             Erth           100%       2d20      0%          1
b - Passwall              Erth           80%        N/A       1%          3
c - Stone Arrow           Conj/Erth      100%       3d13      1%          3
d - Brom's Barrelling Bo  Conj/Erth      78%        2d9       1%          4
e - Iskenderun's Battles  Conj           76%        2d12      1%          5
f - Lee's Rapid Deconstr  Erth           40%        3d20*     1%          5
g - Bombard               Conj/Erth      39%        9d7       1%          6

Your spell library contained the following spells:

 Spells                   Type           Power      Damage    Failure   Level
 Freezing Cloud           Conj/Ice/Air   21%        6-21      3%          5
 Leda's Liquefaction      Alch/Erth      28%        N/A       1%          4
 Petrify                  Alch/Erth      56%        N/A       1%          4
 Frozen Ramparts          Ice            32%        1d5       2%          3
 Jinxbite                 Hex            32%        N/A       3%          2
 Gell's Gravitas          Tloc           16%        N/A       8%          3
 Ozocubu's Armour         Ice            16%        N/A       8%          3
 Teleport Other           Tloc           16%        N/A       8%          3
 Yara's Violent Unravell  Hex/Alch       8%         3d5       16%         5
 Metabolic Englaciation   Hex/Ice        8%         N/A       52%         5
 Dispersal                Tloc           8%         N/A       97%         6
 Sculpt Simulacrum        Ice/Alch       8%         N/A       97%         6
 Enfeeble                 Hex            8%         N/A       100%        7


Dungeon Overview and Level Annotations

Branches:
Dungeon (10/15)            Temple (0/1) D:5            Lair (3/5) D:10
  Swamp (0/4) Lair:2        Snake (0/4) Lair:2          Orc (0/2) D:9
Volcano (visited)

Altars:
Fedhas
Gozag
Hepliaklqana
Kikubaaqudgha
Qazlal
Uskayaw
Vehumet
Wu Jian
Yredelemnul
Zin

Shops:
D:8 =*[

Annotations:
D:3 1 exclusion
D:4 exclusion: statue
D:5 3 runed translucent doors, Eitelfritz's ghost, novice MfSh
Lair:3 1 runed translucent door, Colgate's ghost, journeyman SpFE


Innate Abilities, Weirdness & Mutations

You are a tree.
Your roots penetrate the ground, keeping you stationary.
You cannot be teleported.
You are immune to unholy pain and torment.
Your maximum health is greatly increased.
Your equipment is partially melded.
You are immune to sickness and miasma.
((Your stone body is resilient. (AC +9)))
You are immune to poison.
You resist negative energy. (rN+)
((You are resistant to electric shocks. (rElec)))
You are resistant to unholy torment.
You are immune to petrification.


Message History

A crystal wall.
You feel a surge of power!
The crystal wall shatters!
The blast of crystal shards hits the cane toad!!
The cane toad is heavily wounded.
The blast of crystal shards hits the boulder beetle!!!
You kill the boulder beetle!
Vehumet accepts your kill.
The blast of crystal shards hits the water moccasin!!!
You kill the water moccasin!
Vehumet accepts your kill.
The komodo dragon hisses angrily.
You hear an angry hiss. x2; You hear a roar!
The cane toad stings you but does no damage.
Unknown command.
You hit the cane toad but do no damage.
The cane toad is heavily wounded.
The cane toad stings you.
* * * LOW HITPOINT WARNING * * *
Unknown command.
It was a potion of curing.
You feel better.
The cane toad stings you but does no damage.
Aiming: Stone Arrow (safe; 1% risk of failure)
Press: ? - help, Q - select action, (/) - cycle Shift-Dir - straight line
Okay, then.
Okay, then.
Aiming: Stone Arrow (safe; 1% risk of failure)
Press: ? - help, Q - select action, (/) - cycle Shift-Dir - straight line You feel a surge of power!
The stone arrow hits the cane toad!
The cane toad is severely wounded.
The cane toad stings you!
* * * LOW HITPOINT WARNING * * *
You feel better.
The cane toad stings you but does no damage.
The komodo dragon bites you!
* * * LOW HITPOINT WARNING * * *
The cane toad stings you but does no damage.
Unknown command.
Magic courses through your body. The komodo dragon bites you!
* * * LOW HITPOINT WARNING * * *
The cane toad stings you!
You die...

#.........#...
##.........#
#..........#
#..†.......#
###.~~~~~.#...
#.#.~###≈.#
#..~## ~....
.##P#.:Fl##~.#...
#......♣≈≈≈~..?..
#......~≈≈≈~... .
#......~≈~~~....
................
.....P#.###.....
.......## .....
...... .....
#..... ....


You could see a komodo dragon and a cane toad.

Vanquished Creatures
  A red draconian (Volcano)
  A catoblepas (Lair:5)
  A hydra (Lair:2)
  A two-headed ogre (D:8)
  A boulder beetle (Lair:5)
  A centaur warrior (Volcano)
  Nergalle (Lair:2)
  A deep elf pyromancer (D:7)
  An oklob plant (Lair:1)
  A salamander (Lair:2)
  A cyclops (D:7)
  4 elephants (Lair:2)
  A black mamba (Lair:1)
  A molten gargoyle (Volcano)
  2 torpor snails (Lair:3)
  13 cane toads
  12 komodo dragons
  A kobold demonologist (D:7)
  A yaktaur (Volcano)
  A rime drake (Lair:3)
  6 trolls
  15 blink frogs
  A polar bear (Lair:3)
  A shadow (D:9)
  21 yaks
  3 wyverns
  2 wraiths (D:9)
  Eustachio (D:4)
  3 fire bats (Volcano)
  2 steam dragons
  2 basilisks
  A vampire mosquito (D:7)
  2 nagas (Lair:2)
  An acid dragon (D:8)
  13 water moccasins
  4 orc warriors
  2 sky beasts
  4 black bears
  4 ogres
  9 centaurs
  2 phantoms
  3 wolves (Lair:1)
  19 bullfrogs
  5 kobold brigands
  2 scorpions
  3 gnoll sergeants (D:9)
  5 killer bees (D:10)
  A bombardier beetle (D:7)
  3 howler monkeys
  3 lava snakes (Volcano)
  A hound (D:6)
  5 jellies (Lair:1)
  6 orc priests
  3 sleepcaps
  12 orc wizards
  Natasha (thrice) (D:4)
  6 iguanas
  7 hell rats (Lair:3)
  3 gnolls
  3 adders
  A shadow imp (D:6)
  A white imp (D:7)
  34 orcs
  21 endoplasms
  4 giant cockroaches
  7 goblins
  3 hobgoblins (D:3)
  9 jackals
  17 kobolds
  2 quokkas
  5 ball pythons
  5 bats
  4 frilled lizards
  3 rats
  A boulder (D:9)
356 creatures vanquished.

Vanquished Creatures (collateral kills)
  An orc (D:9)
  An endoplasm (Lair:1)
  3 boulders (Volcano)
5 creatures vanquished.

Vanquished Creatures (others)
  4 boulders (Volcano)
4 creatures vanquished.

Grand Total: 365 creatures vanquished

Notes
Turn   | Place    | Note
-------+----------+-------------------------------------------
     0 | D:1      | GreatBamboolord the Gargoyle Earth Elementalist began the
                  | quest for the Orb.
     0 | D:1      | Reached XP level 1. HP: 10/10 MP: 3/3
   243 | D:1      | Reached XP level 2. HP: 15/15 MP: 3/5
  1299 | D:2      | Reached XP level 3. HP: 20/20 MP: 4/6
  1307 | D:2      | Learned a level 3 spell: Passwall
  1530 | D:2      | Reached skill level 4 in Earth Magic
  2008 | D:3      | Found an ornate altar of the Wu Jian Council.
  2032 | D:3      | Reached skill level 1 in Fighting
  2225 | D:3      | Reached XP level 4. HP: 25/25 MP: 5/7
  2459 | D:3      | Found a stormy altar of Qazlal.
  2569 | D:4      | Noticed a black bear
  2570 | D:4      | Identified the +0 plate armour of the Komodo Dragon {-Cast
                  | rPois rF+ rN+}
  2574 | D:4      | Killed a black bear
  2575 | D:4      | Reached XP level 5. HP: 29/29 MP: 4/9
  2692 | D:4      | Found a radiant altar of Vehumet.
  2692 | D:4      | Noticed a charred statue
  2699 | D:4      | Became a worshipper of Vehumet
  2939 | D:4      | Noticed Natasha
  2943 | D:4      | Killed Natasha
  3024 | D:4      | Noticed an ogre
  3030 | D:4      | Killed an ogre
  3031 | D:4      | Reached skill level 5 in Earth Magic
  3031 | D:4      | Reached XP level 6. HP: 35/35 MP: 6/10
  3031 | D:4      | Noticed Natasha
  3035 | D:4      | Killed Natasha
  3105 | D:4      | Noticed Natasha
  3112 | D:4      | Killed Natasha
  3198 | D:4      | Learned a level 3 spell: Stone Arrow
  3407 | D:4      | Noticed Eustachio
  3423 | D:4      | Killed Eustachio
  3424 | D:4      | Reached XP level 7. HP: 36/40 MP: 5/12
  3734 | D:5      | Entered Level 5 of the Dungeon
  3981 | D:5      | Found a runed translucent gate.
  3981 | D:5      | Found a runed translucent gate.
  3982 | D:5      | Found a runed translucent gate.
  3983 | D:5      | Noticed a hornet
  3983 | D:5      | Noticed Eitelfritz's ghost (novice MfSh)
  4470 | D:5      | Reached skill level 6 in Earth Magic
  4470 | D:5      | Reached XP level 8. HP: 45/45 MP: 8/14
  4724 | D:5      | Found a staircase to the Ecumenical Temple.
  4862 | D:5      | Found a hide-covered altar of Uskayaw.
  5290 | D:6      | Learned a level 4 spell: Brom's Barrelling Boulder
  5293 | D:6      | Reached * piety under Vehumet
  5293 | D:6      | Offered knowledge of Kiss of Death by Vehumet.
  5563 | D:6      | Reached skill level 5 in Conjurations
  6389 | D:7      | Reached skill level 7 in Earth Magic
  6407 | D:7      | Reached skill level 5 in Spellcasting
  6502 | D:7      | Reached XP level 9. HP: 52/52 MP: 16/16
  6717 | D:7      | Noticed a deep elf pyromancer
  6718 | D:7      | Noticed a cyclops
  6728 | D:7      | Killed a deep elf pyromancer
  6728 | D:7      | Offered knowledge of Magic Dart by Vehumet.
  6729 | D:7      | Reached skill level 5 in Stealth
  6732 | D:7      | Killed a cyclops
  6733 | D:7      | Reached skill level 8 in Earth Magic
  6881 | D:7      | Noticed a troll
  6889 | D:7      | Killed a troll
  7053 | D:7      | Found a glowing silver altar of Zin.
  7257 | D:7      | Noticed a troll
  7257 | D:7      | Noticed a kobold demonologist
  7260 | D:7      | Noticed an orange demon
  7263 | D:7      | Reached ** piety under Vehumet
  7276 | D:7      | Noticed an ice devil
  7289 | D:7      | Noticed an orange demon
  7295 | D:7      | Killed a kobold demonologist
  7296 | D:7      | Reached skill level 5 in Fighting
  7296 | D:7      | Reached XP level 10. HP: 24/59 MP: 3/19
  7627 | D:8      | Found Pat Ripn's Antique Armour Shop.
  7634 | D:8      | Bought a pair of embroidered gloves for 217 gold pieces
  7653 | D:8      | Noticed a two-headed ogre
  7852 | D:8      | Killed a two-headed ogre
  7853 | D:8      | Reached skill level 9 in Earth Magic
  8007 | D:8      | Found an ancient bone altar of Kikubaaqudgha.
  8007 | D:8      | Found a blossoming altar of Fedhas.
  8116 | D:8      | Found Agituelo's Assorted Antiques.
  8139 | D:8      | Bought 2 scrolls labelled MERYAPL GAETOS for 46 gold pieces
  8139 | D:8      | Bought a scroll labelled ROBAPS FELOT for 23 gold pieces
  8139 | D:8      | Bought a scroll of teleportation for 69 gold pieces
  8167 | D:8      | Found Yreane's Jewellery Boutique.
  8328 | D:8      | Found a hazy altar of Hepliaklqana.
  8530 | D:9      | Found an opulent altar of Gozag.
  8646 | D:9      | Offered knowledge of Momentum Strike by Vehumet.
  8667 | D:9      | Reached skill level 1 in Armour
  9108 | D:9      | Found a staircase to the Orcish Mines.
  9111 | D:9      | Reached *** piety under Vehumet
  9112 | D:9      | Reached skill level 10 in Earth Magic
  9112 | D:9      | Reached XP level 11. HP: 64/64 MP: 20/22
  9421 | D:10     | Entered Level 10 of the Dungeon
  9475 | D:10     | Offered knowledge of Ignite Poison by Vehumet.
  9528 | D:10     | Reached skill level 5 in Dodging
  9674 | D:10     | Found a staircase to the Lair.
  9767 | D:10     | Found a basalt altar of Yredelemnul.
 10026 | D:10     | Reached **** piety under Vehumet
 10091 | Lair:1   | Entered Level 1 of the Lair of Beasts
 10129 | Lair:1   | Offered knowledge of Fulminant Prism by Vehumet.
 10156 | Lair:1   | Reached skill level 11 in Earth Magic
 10159 | Lair:1   | HP: 1/66 [blink frog (6)]
 10314 | Lair:1   | Reached XP level 12. HP: 71/71 MP: 24/24
 10455 | Lair:1   | Reached skill level 10 in Conjurations
 10537 | Lair:1   | Found a dark tunnel.
 10544 | Volcano  | Entered a volcano
 10761 | Volcano  | Noticed a centaur warrior
 10776 | Volcano  | Killed a centaur warrior
 10803 | Volcano  | Noticed a red draconian
 10843 | Volcano  | Killed a red draconian
 10979 | Volcano  | Found a burning altar of Makhleb.
 11068 | Volcano  | Found a burning altar of Makhleb.
 11172 | Lair:1   | Reached ***** piety under Vehumet
 11172 | Lair:1   | Offered knowledge of Iskenderun's Battlesphere by Vehumet.
 11420 | Lair:1   | Reached skill level 12 in Earth Magic
 11900 | Lair:2   | Noticed Nergalle
 11904 | Lair:2   | Killed Nergalle
 12041 | Lair:2   | Learned a level 5 spell: Iskenderun's Battlesphere
 12047 | Lair:2   | Learned a level 5 spell: Lee's Rapid Deconstruction
 12054 | Lair:2   | Learned a level 6 spell: Bombard
 12074 | Lair:2   | Reached skill level 5 in Armour
 12159 | Lair:2   | Found a staircase to the Swamp.
 12170 | Lair:2   | Reached XP level 13. HP: 70/78 MP: 6/26
 12868 | Lair:2   | Found a staircase to the Snake Pit.
 13539 | Lair:3   | Found a runed translucent door.
 13659 | Lair:3   | Identified the +2 trident of the Doomed Warrior {flame,
                  | Dex+2}
 13662 | Lair:3   | Noticed Colgate's ghost (journeyman SpFE)
 14153 | Lair:3   | Reached skill level 10 in Spellcasting
 14354 | Lair:3   | Offered knowledge of Freezing Cloud by Vehumet.
 14373 | Lair:3   | Reached skill level 13 in Earth Magic
 14420 | Lair:3   | You fall into a shaft and drop 2 floors!
 14420 | Lair:5   | Entered Level 5 of the Lair of Beasts
 14494 | Lair:5   | HP: 2/118 [komodo dragon (9)]
 14494 | Lair:5   | Mangled by a cane toad

Illustrated notes

Levels and vault maps discovered:
D:1:      dpeg_arrival_boxorama, layout_basic
D:2:      layout_basic
D:3:      layout_rooms, mainiacjoe_overflow_cross_hatched,
          general_overflow_altar, corexii_item_surrounded_by_moat
D:4:      nicolae_cairo_tiling_large_dashed, layout_cave_pods, vehumet_statue,
          uniq_eustachio, uniq_natasha
D:5:      layout_layer_cave, overflow_temple_1_default,
          minmay_temple_entry_glassed_door, gammafunk_ghost_split,
          lemuel_flamethrower_2
D:6:      layout_basic
D:7:      layout_rooms, kennysheep_mini, minmay_shattered_shrine
D:8:      layout_basic, grunt_temple_overflow_growth_and_decay,
          nicolae_hepliaklqana_hippocampus, serial_shops,
          nicolae_take_the_stairs, shop, nicolae_shop_trees,
          hangedman_decor_slide_cut, minmay_misc_feat_four_crosses
D:9:      layout_rooms, mainiacjoe_overflow_chevrons,
          kennysheep_orc_monster_closet_entryway
D:10:     layout_big_octagon, mainiacjoe_overflow_brackets,
          due_lair_maze_entry_diamond, kennysheep_another_room
Lair:1:   lemuel_slime, layout_misc_corridors, lightli_volcano_entry_magma_tube,
          beast_lair_carwin_11, lemuel_fruit_tree, infiniplex_staircase_pool,
          grunt_megastairs_3
Lair:2:   layout_cave_pods, minmay_swamp_entry_reptiles,
          alex1729_snake_entry_snake, hangedman_lair_unloving_vines,
          st_stairs_8, uniq_nergalle
Lair:3:   layout_cave_pods, ebering_ghost_funeral_grove
Lair:5:   minmay_lair_end_enchanted_forest, layout_gridlike, basic_altar

Skill      XL: |  1  2  3  4  5  6  7  8  9 10 11 12 13 |
---------------+----------------------------------------+-----
Earth Magic    | 4 5 6 7 8 10 11 12 13 | 13.1
Conjurations   | 2 3 4 5 7 8 9 10 11 | 11.7
Fighting       | 1 2 3 5 6 7 8 |  8.3
Dodging        | 2 3 4 5 6 |  6.5
Stealth        | 3 4 5 6 7 8 9 |  9.2
Spellcasting   | 3 4 5 6 7 8 9 10 | 10.1
Armour         | 2 3 5 |  5.9

Action                     |  1- 3 |  4- 6 |  7- 9 | 10-12 | 13-15 || total
---------------------------+-------+-------+-------+-------+-------++-------
  Melee: Unarmed           |       |     1 |     5 |    41 |       ||    47
         Staff             |       |       |       |    37 |    24 ||    61
   Cast: Sandblast         |    61 |    60 |   131 |    19 |       ||   271
         Stone Arrow       |       |       |    24 |   315 |   131 ||   470
         Brom's Barrelling |       |       |       |     9 |       ||     9
         Passwall          |       |       |       |     1 |       ||     1
         Lee's Rapid Decon |       |       |       |       |     4 ||     4
         Bombard           |       |       |       |       |     2 ||     2
    Use: Scroll            |       |     4 |     1 |    17 |       ||    22
         Potion            |       |       |     2 |     2 |     7 ||    11
 Armour: Robe              |    10 |    34 |   106 |    13 |       ||   163
         Acid dragon scale |       |       |       |   219 |       ||   219
         Ring mail         |       |       |       |    46 |    87 ||   133
         Skin              |       |       |       |       |    16 ||    16
  Dodge: Dodged            |    15 |    26 |    85 |   189 |    49 ||   364
